 Dungeon Crawl Stone Soup version 0.30.0-5-g1a98f26d00 (webtiles) character file.

Game seed: 8316633484026742999

3 adizb the Shield-Bearer (level 1, 0/14 HPs)
             Began as an Armataur Wanderer on May 11, 2023.
             Slain by a kobold
             ... wielding a +0 short sword
              (4 damage)
             ... on level 1 of the Dungeon.
             The game lasted 00:02:09 (346 turns).

adizb the Shield-Bearer (Armataur Wanderer)          Turns: 346, Time: 00:02:09

Health: 0/14       AC:  5    Str: 17    XL:     1   Next: 41%
Magic:  2/2        EV:  8    Int: 12    God:
Gold:   43         SH:  6    Dex:  9    Spells: 1/2 levels left

rFire   . . .        a - +0 club
rCold   . . .        e - +2 buckler
rNeg    . . .        d - +0 leather armour
rPois   .            (no helmet)
rElec   .            b - +0 cloak
rCorr   .            (no gloves)
SInv    .            (no barding)
Will    .....        (no amulet)
Stlth   ++           (no ring)
HPRegen 0.22/turn    (no ring)
MPRegen 0.08/turn

%: roll
@: no status effects
A: large, rugged brown scales 3, deformed body, armoured tail, roll, long
tongue, awkward tongue
a: no special abilities


You were on level 1 of the Dungeon.
You visited 1 branch of the dungeon, and saw 2 of its levels.

You collected 43 gold pieces.

Inventory:

Hand Weapons
 a - a +0 club (weapon)
Armour
 b - a +0 cloak (worn)
 d - a +0 leather armour (worn)
 e - a +2 buckler (worn)
Scrolls
 c - 2 scrolls of teleportation
 g - 3 scrolls of identify {unknown}
Potions
 f - a potion of curing {unknown}
 h - a potion of ambrosia {unknown}
 i - a potion of might {unknown}


   Skills:
 + Level 0.2 Fighting
 + Level 0.2 Maces & Flails
 + Level 0.5 Armour
 - Level 3.2 Stealth
 - Level 4.3 Shields
 - Level 1.0 Spellcasting
 - Level 1.5 Necromancy


You had one spell level left.
You knew the following spells:

 Your Spells              Type           Power      Damage    Failure   Level
a - Necrotise             Necr           16%        1d4       26%         1

Your spell library contained the following spells:

 Spells                   Type           Power      Damage    Failure   Level
 Vampiric Draining        Necr           4%         2d6       58%         3


Dungeon Overview and Level Annotations

Branches:
Dungeon (2/15)

Altars:


Innate Abilities, Weirdness & Mutations

You are completely covered in rugged brown scales. (AC +3, +7% HP)
Armour fits poorly on your strangely shaped body.
You have a long armoured tail.
You roll when moving toward enemies. (Rampage)
Your long tongue fully drains potion bottles. (2x potion effects)
Your tongue gives you trouble enunciating. (1.5x scroll delay)


Message History

The quokka is moderately wounded.
The quokka completely misses you. You block the kobold's attack.
The quokka bites you but does no damage.
You barely miss the quokka. The kobold barely misses you.
A hobgoblin comes into view.
You block the quokka's attack. You block the kobold's attack.
The quokka bites you but does no damage.
You closely miss the quokka.
The hobgoblin shouts!
The quokka bites you but does no damage.
The kobold hits you but does no damage. The kobold attacks as you move away!
The kobold hits you with a +0 short sword.
The quokka barely misses you.
You miss the quokka.
The quokka bites you but does no damage.
You hit the quokka.
The quokka is almost dead.
You block the kobold's attack. The quokka bites you. x2
You block the kobold's attack.
You hit the quokka but do no damage.
The quokka is almost dead.
The quokka closely misses you. You block the kobold's attack.
You barely miss the quokka. You tail-slap the quokka.
You kill the quokka!
The kobold hits you with a +0 short sword.
The kobold attacks as you move away! The kobold closely misses you.
The kobold attacks as you move away! You block the kobold's attack.
You barely miss the kobold. You tail-slap the kobold.
The kobold is moderately wounded.
The kobold hits you with a +0 short sword.
* * * LOW HITPOINT WARNING * * *
The kobold hits you but does no damage.
You barely miss the kobold.
The kobold is moderately wounded.
The kobold barely misses you.
You closely miss the kobold.
The kobold is moderately wounded.
The kobold hits you with a +0 short sword.
You die...

.. #.#.....#
########. #.....#.#
......... #.......#
......... #.#.#####
........# #.#.#
........#### #..#.#
...........##..##.#
........##.#..# #.#
........##.#@# #.#
#######....#K# #.#
###...g# #.#
####...#### #.#
##.........###.#
#......##....#.#
#.#.#####......# #
#. #...^### #
#....#


You could see a hobgoblin and a kobold.

Vanquished Creatures
  An endoplasm (D:1)
  A quokka (D:1)
  A rat (D:1)
3 creatures vanquished.

Notes
Turn   | Place    | Note
-------+----------+-------------------------------------------
     0 | D:1      | adizb the Armataur Wanderer began the quest for the Orb.
     0 | D:1      | adizb set off with the following items: a +0 club, a +0
                  | cloak, a scroll of teleportation, a +0 leather armour, a +2
                  | buckler; and the following spell memorised: Necrotise; and
                  | the following spells available to memorise: Vampiric
                  | Draining.
     0 | D:1      | Reached XP level 1. HP: 14/14 MP: 2/2
   156 | D:1      | You fall into a shaft and drop 1 floor!
   346 | D:1      | Slain by a kobold

Illustrated notes

Levels and vault maps discovered:
D:1:      sevenhm_arrival_forest_fort_large_4, layout_basic, serial_shops,
          nicolae_square_shop
D:2:      cheibrodos_greedy_goblins, layout_loops_ring

Action                     || total
---------------------------++-------
  Melee: Club              ||    28
         Tailslap          ||     2
   Stab: Sleeping          ||     1
 Armour: Leather armour    ||    13
  Dodge: Dodged            ||    13
  Block: Buckler           ||    11
